 Dungeon Crawl Stone Soup version 0.29.1-12-g30fa7ad0bf (webtiles) character file.

Game seed: 15043981546568140224

14 Radix the Trooper (level 2, -2/27 HPs)
             Began as a Hill Orc Fighter on Jan 7, 2023.
             Slain by a goblin
             ... wielding a +0 dagger
             ... led by Robin
              (3 damage)
             ... on level 1 of the Dungeon.
             The game lasted 00:03:39 (815 turns).

Radix the Trooper (Hill Orc Fighter)                 Turns: 815, Time: 00:03:39

Health: -2/27      AC: 11    Str: 18    XL:     2   Next: 41%
Magic:  2/2        EV:  5    Int:  8    God:
Gold:   39         SH:  4    Dex: 10    Spells: 1/1 levels left

rFire   . . .      SeeInvis .   a - +0 war axe
rCold   . . .      Faith    .   c - +0 buckler
rNeg    . . .      Spirit   .   i - +0 plate armour
rPois   .          Reflect  .   (no helmet)
rElec   .          Harm     .   (no cloak)
rCorr   .          Rampage  .   (no gloves)
Will    .....                   (no boots)
Stlth   ..........              (no amulet)
HPRegen 0.09/turn               (no ring)
MPRegen 0.08/turn               (no ring)

@: no status effects
A: no striking features
a: no special abilities


You were on level 1 of the Dungeon.
You visited 1 branch of the dungeon, and saw 2 of its levels.

You collected 39 gold pieces.

Inventory:

Hand Weapons
 a - a +0 war axe (weapon)
Missiles
 m - a throwing net (quivered)
Armour
 b - a +0 scale mail
 c - a +0 buckler (worn)
 i - a +0 plate armour (worn)
Scrolls
 f - a scroll of noise {unknown}
 g - a scroll of torment {unknown}
 k - a scroll of identify {unknown}
Potions
 d - a potion of might
 e - 3 potions of lignification {unknown}
 h - 2 potions of heal wounds {unknown}
 j - a potion of degeneration {unknown}
 l - a potion of haste {unknown}


   Skills:
 - Level 4.0 Fighting
 + Level 3.5 Axes
 - Level 3.2 Armour
 - Level 3.2 Shields


You had one spell level left.
You didn't know any spells.
Your spell library was empty.

Dungeon Overview and Level Annotations

Branches:
Dungeon (2/15)

Altars:

Annotations:
D:1 Sigmund
D:2 Robin


Message History

You climb downwards.
Sigmund shouts!
There is a stone staircase leading up here.
A goblin and a hobgoblin come into view.
The goblin shouts!
You hear a shout!
A goblin comes into view. It is wielding a +0 dagger.
A hobgoblin comes into view.
Found 21 gold pieces.
A hobgoblin comes into view.
A hobgoblin comes into view.
Found a mace.
The hobgoblin shouts!
You hear a shout! x2
An adder comes into view.
A goblin comes into view. It is wielding a +0 club.
The goblin hits you but does no damage.
A hobgoblin comes into view.
Robin of the Strong Arm comes into view.
They are wielding a +0 spear.
The hobgoblin attacks as you move away! You block the hobgoblin's attack.
Sigmund screams, "Only death can liberate you!"
Sigmund casts a spell.
Sigmund flickers and vanishes!
Deactivating autopickup; reactivate with Ctrl-A.
Something hits you but does no damage. Space warps around you.
There is a stone staircase leading up here.
The goblin barely misses you.
You hear some strange, mumbled words.
A puff of flame appears from out of thin air!
You block the puff of flame.
You climb upwards.
Reactivating autopickup.
There is a stone staircase leading down here.
You hit the goblin.
The goblin is moderately wounded.
You barely miss something. You block the goblin's attack.
Something hits you but does no damage. Space warps horribly around you!!
Ouch! That really hurt!
* * * LOW HITPOINT WARNING * * *
Deactivating autopickup; reactivate with Ctrl-A.
The goblin hits you with a +0 dagger.
You die...

########### ###.# #..# #####
#.........###...# ##.####....
#.............### #..##.P...
#......†..##### ##....P)♣♣
#..####'######## ##..P.♣♣.
#####≈♣.♣≈##...#######....P♣♣P
#≈≈♣.♣≈≈###...............P
#≈≈♣.♣~≈#..............#...
#~♣...♣~#.@...............#
#♣.....♣#.g.>.)........##..
#.#.#>##..............###.
###<####.....)........###.
########.........##.......
#...................######
##...............#### #######
##.....##......##
...^..####.#######...###
######


You could see a goblin.

Vanquished Creatures
  A dart slug (D:1)
  2 ball pythons (D:1)
  A giant cockroach (D:1)
  2 goblins (D:1)
  A quokka (D:1)
  3 frilled lizards (D:1)
  A kobold (D:1)
11 creatures vanquished.

Vanquished Creatures (others)
  5 plants (D:1)
5 creatures vanquished.

Grand Total: 16 creatures vanquished

Notes
Turn   | Place    | Note
-------+----------+-------------------------------------------
     0 | D:1      | Radix the Hill Orc Fighter began the quest for the Orb.
     0 | D:1      | Reached XP level 1. HP: 19/19 MP: 1/1
    67 | D:1      | You fall into a shaft and drop 1 floor!
   226 | D:1      | Reached skill level 4 in Fighting
   226 | D:1      | Reached XP level 2. HP: 27/27 MP: 2/2
   482 | D:1      | Found a faded altar of an unknown god.
   804 | D:2      | Noticed Sigmund
   808 | D:2      | Noticed Robin
   815 | D:1      | HP: 1/27 [something (23)]
   815 | D:1      | Slain by a goblin

Illustrated notes

Levels and vault maps discovered:
D:1:      saegor_arrival_simple_d, layout_rooms, serial_forest,
          infiniplex_forest_clump_small, infiniplex_forest_fountain,
          infiniplex_forest_lined_3_way, infiniplex_forest_diagonal,
          infiniplex_forest_side_room, infiniplex_forest_clump_tiny,
          infiniplex_forest_clump_large, infiniplex_forest_corner_2,
          infiniplex_forest_clump_double, infiniplex_forest_end_1,
          chequers_ecumenical_altar_lobes, nrook_uturn, grunt_decor_one_mirror
D:2:      layout_rooms, uniq_sigmund, uniq_robin

Skill      XL: |  1 |
---------------+----+-----
Axes           | 3 |  3.5
Fighting       | 4 |  4.0
Armour         | |  3.2
Shields        | |  3.2

Action                   || total
-------------------------++-------
Melee: War axe           ||    27
Armor: Scale mail        ||     4
       Plate armour      ||     9
Dodge: Dodged            ||     6
Block: Buckler           ||    11
